 Dungeon Crawl Stone Soup version 0.28-a0-1624-g820543e53a (console) character file.

Game seed: 6866629037601488858

108176 Melian the Slayer (level 16, -1/174 HPs)
             Began as a Minotaur Berserker on Jan 23, 2022.
             Was the Champion of Trog.
             Splashed with acid (41 damage)
             ... on level 1 of the Pits of Slime.
             The game lasted 01:35:43 (26270 turns).

Melian the Slayer (Minotaur Berserker)             Turns: 26270, Time: 01:35:44

Health: -1/174     AC: 24    Str: 37    XL:     16   Next: 2%
Magic:  15/15      EV: 10    Int:  4    God:    Trog [******]
Gold:   1578       SH:  0    Dex: 15    Spells: 15/15 levels left

rFire   + + .      SeeInvis +   U - +9 war axe {venom, Will++ Stlth+}
rCold   + . .      Faith    .   (no shield)
rNeg    . . .      Spirit   .   S - +2 plate armour {rF+}
rPois   +          Reflect  .   (helmet restricted)
rElec   .          Harm     .   a - scarf {rC+ rF+}
rCorr   .          Rampage  .   d - +2 pair of gloves
Will    +++++                   T - +1 pair of boots "Doic" {rPois Str+4 Dex+3}
Stlth   ..........              W - amulet of regeneration
HPRegen 1.19/turn               b - ring of Hapomit {rPois Str+3 SInv Stlth+}
MPRegen 0.14/turn               C - ring of willpower

@: no status effects
A: horns 2, retaliatory headbutt, strong-willed 1, strong 1
a: Renounce Religion, Berserk, Trog's Hand, Brothers in Arms


You were on level 1 of the Pits of Slime.
You worshipped Trog.
Trog was exalted by your worship.
You visited 5 branches of the dungeon, and saw 22 of its levels.
You also visited: Ice Cave and Volcano.

You collected 2396 gold pieces.
You spent 818 gold pieces at shops.

Inventory:

Hand Weapons
 r - the +11 shortbow "Transmigrator" {freeze, rF+ rC- Str+3 Int+2}
   (You found it on level 6 of the Lair of Beasts)

   Any ammunition fired from it freezes those it strikes, dealing additional
   cold damage.
   It can also slow down cold-blooded creatures.
   Str:       It affects your strength (+3).
   Int:       It affects your intelligence (+2).
   rF:        It protects you from fire.
   rC:        It makes you vulnerable to cold.
 U - the +9 war axe "Nuff" (weapon) {venom, Will++ Stlth+}
   (You found it on level 3 of the Lair of Beasts)

   It poisons the flesh of those it strikes.
   Will:      It greatly increases your willpower.
   Stlth:     It makes you more stealthy.
 X - the +9 hand crossbow "Itiasyc" {elec, rC+ Will+}
   (You found it on level 6 of the Lair of Beasts)

   Any ammunition fired from it occasionally discharges a powerful burst of
   electricity upon striking a foe.
   rC:        It protects you from cold.
   Will:      It increases your willpower.
Missiles
 v - 8 silver javelins
 F - 5 throwing nets (quivered)
Armour
 a - a scarf of resistance (worn)
 d - a +2 pair of gloves (worn)
 f - a +2 tower shield
 A - a +1 cloak of poison resistance
 S - a +2 plate armour of fire resistance (worn)
 T - the +1 pair of boots "Doic" (worn) {rPois Str+4 Dex+3}
   (You acquired it on level 3 of the Lair of Beasts)

   Str:       It affects your strength (+4).
   Dex:       It affects your dexterity (+3).
   rPois:     It protects you from poison.
Jewellery
 b - the ring of Hapomit (left hand) {rPois Str+3 SInv Stlth+}
   (You acquired it on level 6 of the Lair of Beasts)

   [ring of see invisible]

   Str:       It affects your strength (+3).
   rPois:     It protects you from poison.
   SInv:      It lets you see invisible.
   Stlth:     It makes you more stealthy.
 s - a ring of flight
 y - an amulet of faith
 C - a ring of willpower (right hand)
 N - a ring of ice
 W - an amulet of regeneration (around neck)
Wands
 u - a wand of flame (6)
 x - a wand of mindburst (13)
 z - a wand of iceblast (16)
 B - a wand of acid (3)
 D - a wand of digging (15)
 E - a wand of charming (8)
 K - a wand of paralysis (3)
Scrolls
 e - 5 scrolls of magic mapping
 g - 2 scrolls of teleportation
 i - 3 scrolls of vulnerability
 m - a scroll of blinking
 H - a scroll of enchant weapon {unknown}
 I - a scroll of brand weapon
 M - 3 scrolls of enchant armour
Potions
 c - a potion of haste
 h - 2 potions of invisibility
 j - 3 potions of mutation
 k - a potion of curing
 l - a potion of berserk rage
 n - 4 potions of might
 p - a potion of flight
 q - 5 potions of lignification
 t - a potion of heal wounds
 w - 2 potions of ambrosia
 G - a potion of cancellation
 L - a potion of attraction
Miscellaneous
 o - a phantom mirror


   Skills:
 + Level 23.9 Fighting
 - Level 20.0 Axes
 - Level 13.0 Armour
 - Level 3.1 Dodging
 - Level 6.0 Shields


You had 15 spell levels left.
You didn't know any spells.
Your spell library was empty.

Dungeon Overview and Level Annotations

Branches:
Dungeon (12/15)            Temple (0/1) D:4            Lair (6/6) D:8
 Shoals (0/4) Lair:2       Spider (0/4) Lair:4        Slime (1/5) Lair:6
    Orc (2/2) D:11            Elf (1/3) Orc:2         IceCv (visited)
Volcano (visited)

Altars:
Elyvilon
Trog
Uskayaw
Vehumet
Xom
The Shining One
Beogh
Jiyva

Shops:
D:12 (   Orc:2 (?[[

Portals:
Trove: D:12 (give +3 gold dragon scales)

Annotations:
D:7 3 runed translucent doors, rogsnak's ghost, novice GnWz
D:12 3 runed translucent doors, Melian's ghost, journeyman MiBe; ThrustWizard's ghost, journeyman DsFi


Innate Abilities, Weirdness & Mutations

You have a pair of horns on your head.
You reflexively headbutt those who attack you in melee.
You are strong-willed. (Will+)
Your muscles are strong. (Str +2)


Message History

Aim: a rockslime (100% to hit)
The bolt of acid hits the rockslime.
The acid corrodes the rockslime!
The rockslime is lightly wounded.
Aiming: Corrosive Bolt
Press: ? - help, Shift-Dir - straight line, f/p - rockslime
Aim: a rockslime (covered in acid, 100% to hit)
The bolt of acid hits the rockslime.
The rockslime seems to be corroded for longer.
The rockslime is lightly wounded.
Aiming: Corrosive Bolt
Press: ? - help, Shift-Dir - straight line, f/p - rockslime
Aim: a rockslime (lightly wounded, covered in acid, 100% to hit)
The bolt of acid hits the rockslime but does no damage.
The rockslime is lightly wounded.
The rockslime closely misses you.
You hit the rockslime but do no damage.
You headbutt the rockslime, but do no damage.
The rockslime is lightly wounded.
You hit the rockslime but do no damage.
The rockslime is lightly wounded.
The rockslime hits you!!
You stumble backwards!
You hit the rockslime but do no damage.
You headbutt the rockslime, but do no damage.
The rockslime is lightly wounded.
You are splashed with acid.
The rockslime hits you but does no damage.
You completely miss the rockslime.
The rockslime is lightly wounded.
You are splashed with acid!
The rockslime hits you.
You stumble backwards!
As you read the scroll of summoning, it crumbles to dust.
Wisps of shadow whirl around you...
You are splashed with acid!
The rockslime hits you!
You hold your ground!
You are splashed with acid!
The rockslime hits your slime creature!
Your slime creature stumbles backwards!
Your slime creature hits the rockslime but does no damage.
Two slime creatures merge to form a large slime creature.
You hit the rockslime but do no damage.
You are splashed with acid!
The rockslime hits you!!
* * * LOW HITPOINT WARNING * * *
You hold your ground!
Two slime creatures merge to form a very large slime creature.
You are splashed with acid!!!
You die...

#...#.
.......
....#..
##.......
##.....#..
.........
##........
##...J.....
##.J<.......
##.JJ.J......
#@J.##.......
##.## .......
### ...#...
..##J.. .##
.. ##


You could see a rockslime (corroded, ally target), a friendly very large slime
creature (summoned) and 4 friendly slime creatures.

Vanquished Creatures
  An acid blob (Lair:6)
  2 orc warlords (Orc:2)
  A frost giant (IceCv)
  An ettin (Orc:2)
  Harold (D:7)
  A boulder beetle (Lair:2)
  6 hydras
  A centaur warrior (D:10)
  3 catoblepae (Lair:6)
  7 two-headed ogres
  A dancing weapon (Volcano)
  17 death yaks
  5 orc high priests (Orc:2)
  2 deep elf knights (Orc:2)
  Nergalle (D:11)
  A fire crab (Lair:5)
  Sonja (Orc:1)
  5 skeletal warriors (D:12)
  5 wizards (Volcano)
  A lindwurm (Lair:3)
  A deep elf pyromancer (D:12)
  2 deep elf zephyrmancers (Orc:2)
  A shining eye (Lair:6)
  4 orc knights
  An ugly thing (IceCv)
  2 cyclopes (D:11)
  3 manticores
  6 orc sorcerers
  Maurice (Orc:1)
  An ice statue (IceCv)
  8 elephants
  5 toenail golems (Volcano)
  6 black mambas
  7 cane toads
  3 torpor snails
  2 gargoyles
  12 komodo dragons
  2 unseen horrors (D:11)
  13 rime drakes
  A kobold demonologist (D:8)
  7 trolls
  A meliai zombie (D:10)
  5 polar bears
  4 slime creatures
  9 dream sheep (Lair:6)
  22 blink frogs
  Sigmund (D:6)
  A snapping turtle (Lair:2)
  A wraith (D:10)
  A spriggan (Lair:2)
  5 wyverns
  A vampire (D:12)
  87 yaks
  3 fire bats (Lair:3)
  A redback (Lair:4)
  3 basilisks
  4 vampire mosquitoes (D:10)
  Menkaure (D:7)
  A warg (Orc:2)
  15 water moccasins
  Duvessa (D:4)
  A sky beast (D:7)
  40 orc warriors
  A black bear (D:7)
  A necrophage (D:8)
  14 ogres
  39 wolves
  2 centaurs
  11 kobold brigands
  4 gnoll sergeants
  9 bullfrogs
  4 scorpions
  A wyvern skeleton (D:6)
  Dowan (D:4)
  5 killer bees (D:10)
  7 electric eels
  5 howler monkeys
  3 centaur zombies
  4 jellies
  A bullfrog skeleton (D:5)
  2 centaur skeletons
  2 bullfrog zombies (D:5)
  35 orc priests
  6 hounds
  A gnoll shaman (D:5)
  2 hell rats (Lair:3)
  10 iguanas
  21 orc wizards
  2 hound skeletons
  19 gnolls
  9 adders
  2 river rats (Lair:3)
  A white imp (D:8)
  2 ufetubi (D:6)
  A worm (D:2)
  5 dart slugs
  116 orcs
  10 endoplasms
  5 giant cockroaches
  12 goblins
  3 hobgoblins
  13 jackals
  18 kobolds
  A quokka (D:2)
  8 ball pythons
  7 bats
  5 frilled lizards
  13 rats
802 creatures vanquished.

Vanquished Creatures (collateral kills)
  4 hydras
  An orc knight (D:11)
  A manticore (D:10)
  3 yaks (Lair:2)
  A water moccasin (Lair:6)
  4 orc warriors
  A wolf (Lair:6)
  A centaur zombie (D:8)
  An orc priest (D:11)
  An orc wizard (Orc:2)
  4 gnolls (D:6)
  19 orcs
41 creatures vanquished.

Vanquished Creatures (others)
  An orc (D:8)
  21 fungi
  37 plants
59 creatures vanquished.

Grand Total: 902 creatures vanquished

Notes
Turn   | Place    | Note
-------+----------+-------------------------------------------
     0 | D:1      | Melian the Minotaur Berserker began the quest for the Orb.
     0 | D:1      | Reached XP level 1. HP: 19/19 MP: 0/0
   290 | D:1      | Reached XP level 2. HP: 23/27 MP: 1/1
   574 | D:1      | Reached skill level 4 in Fighting
  1205 | D:2      | Reached XP level 3. HP: 28/33 MP: 2/2
  1487 | D:2      | Reached ** piety under Trog
  1716 | D:2      | Reached XP level 4. HP: 41/41 MP: 3/3
  1791 | D:2      | Found a faded altar of an unknown god.
  2099 | D:3      | Reached skill level 5 in Fighting
  2110 | D:3      | Reached skill level 5 in Axes
  2525 | D:3      | Reached *** piety under Trog
  2582 | D:3      | Reached XP level 5. HP: 35/48 MP: 4/4
  3323 | D:4      | Reached skill level 6 in Fighting
  3360 | D:4      | Reached XP level 6. HP: 57/57 MP: 5/5
  3538 | D:4      | Noticed Duvessa
  3538 | D:4      | Noticed Dowan
  3544 | D:4      | Killed Duvessa
  3558 | D:4      | Killed Dowan
  3559 | D:4      | Reached skill level 7 in Fighting
  3679 | D:4      | Found a staircase to the Ecumenical Temple.
  3800 | D:4      | Reached XP level 7. HP: 46/66 MP: 6/6
  4031 | D:4      | Found a glowing golden altar of the Shining One.
  4467 | D:5      | Entered Level 5 of the Dungeon
  4499 | D:5      | Identified the +11 flail of Causality {venom, rN+ Dex+8}
  4608 | D:5      | Reached skill level 8 in Fighting
  4660 | D:5      | Reached **** piety under Trog
  4780 | D:5      | Reached XP level 8. HP: 75/75 MP: 7/7
  5038 | D:5      | Reached skill level 9 in Fighting
  5386 | D:6      | Found a shimmering altar of Xom.
  5388 | D:6      | Found a hide-covered altar of Uskayaw.
  5555 | D:6      | Gained mutation: Your muscles are strong. (Str +2) [potion
                  | of mutation]
  5555 | D:6      | Gained mutation: You are strong-willed. (Will+) [potion of
                  | mutation]
  5724 | D:6      | Noticed Sigmund
  5744 | D:6      | Reached skill level 10 in Fighting
  5744 | D:6      | Reached skill level 10 in Axes
  5747 | D:6      | Reached XP level 9. HP: 48/86 MP: 8/8
  5755 | D:6      | Killed Sigmund
  6403 | D:7      | Reached skill level 11 in Fighting
  6485 | D:7      | Noticed Harold
  6506 | D:7      | Killed Harold
  6507 | D:7      | Reached skill level 12 in Fighting
  6786 | D:7      | Noticed Menkaure
  6790 | D:7      | Killed Menkaure
  7177 | D:7      | Found a runed translucent gate.
  7177 | D:7      | Found a runed translucent gate.
  7177 | D:7      | Found a runed translucent gate.
  7178 | D:7      | Noticed rogsnak's ghost (novice GnWz)
  7387 | D:8      | Found a radiant altar of Vehumet.
  7574 | D:8      | Reached XP level 10. HP: 76/99 MP: 9/9
  7605 | D:8      | HP: 2/100 [wolf (5)]
  8120 | D:8      | Reached ***** piety under Trog
  8183 | D:8      | Reached skill level 13 in Fighting
  8359 | D:8      | Found a staircase to the Lair.
  9042 | D:8      | Received a gift from Trog
  9127 | D:9      | Noticed a two-headed ogre
  9135 | D:9      | Killed a two-headed ogre
  9136 | D:9      | Reached skill level 14 in Fighting
  9818 | D:9      | Reached XP level 11. HP: 96/111 MP: 10/10
 10162 | D:10     | Entered Level 10 of the Dungeon
 10342 | D:10     | Reached skill level 1 in Shields
 10401 | D:10     | Reached skill level 15 in Fighting
 10816 | D:10     | Reached skill level 15 in Axes
 10852 | D:10     | Noticed a centaur warrior
 10862 | D:10     | Killed a centaur warrior
 11401 | D:10     | Noticed a two-headed ogre
 11407 | D:10     | Killed a two-headed ogre
 11524 | D:10     | Found a white marble altar of Elyvilon.
 11953 | D:11     | Reached skill level 5 in Shields
 12009 | D:11     | Found a staircase to the Orcish Mines.
 12492 | D:11     | Received a gift from Trog
 12493 | D:11     | Noticed an orc knight
 12504 | D:11     | Killed an orc knight
 12581 | D:11     | Noticed Nergalle
 12595 | D:11     | Killed Nergalle
 12596 | D:11     | Reached skill level 16 in Fighting
 12596 | D:11     | Reached XP level 12. HP: 118/122 MP: 11/11
 12599 | D:11     | Noticed a two-headed ogre
 12603 | D:11     | Killed a two-headed ogre
 13250 | Lair:1   | Entered Level 1 of the Lair of Beasts
 13653 | Lair:1   | Noticed a four-headed hydra
 13667 | Lair:1   | Killed a seven-headed hydra
 13708 | Lair:1   | Noticed a four-headed hydra
 13721 | Lair:1   | Killed a four-headed hydra
 13722 | Lair:1   | Reached skill level 17 in Fighting
 14913 | Lair:2   | Reached skill level 5 in Armour
 15023 | Lair:2   | Noticed a six-headed hydra
 15026 | Lair:2   | Killed a seven-headed hydra
 15424 | Lair:2   | Reached XP level 13. HP: 105/134 MP: 12/12
 15818 | Lair:2   | Found a staircase to the Shoals.
 16575 | Lair:3   | Reached skill level 18 in Fighting
 16606 | Lair:3   | Found a dark tunnel.
 16620 | Volcano  | Entered a volcano
 17220 | Lair:3   | Received a gift from Trog
 17318 | Lair:3   | Identified 2 scrolls of acquirement
 17318 | Lair:3   | Acquired the +1 pair of boots "Doic" {rPois Str+4 Dex+3}
 17453 | Lair:3   | Identified the +1 leather armour of the Kettle-Drum {rElec
                  | Str+5 Dex-2 SInv}
 17455 | Lair:3   | Identified the +9 war axe "Nuff" {venom, Will++ Stlth+}
 17716 | Lair:4   | Reached skill level 19 in Fighting
 17792 | Lair:4   | Reached skill level 10 in Armour
 18048 | Lair:4   | Found a hole to the Spider Nest.
 18664 | Lair:5   | Reached XP level 14. HP: 71/146 MP: 13/13
 19374 | Lair:5   | Reached skill level 20 in Fighting
 20213 | Lair:6   | Entered Level 6 of the Lair of Beasts
 20255 | Lair:6   | Received a gift from Trog
 20413 | Lair:6   | Reached ****** piety under Trog
 20866 | Lair:6   | Reached skill level 21 in Fighting
 20955 | Lair:6   | Acquired the ring of Hapomit {rPois Str+3 SInv Stlth+}
 21044 | Lair:6   | Identified the +9 hand crossbow "Itiasyc" {elec, rC+ Will+}
 21231 | Lair:6   | Identified the +11 shortbow "Transmigrator" {freeze, rF+
                  | rC- Str+3 Int+2}
 21237 | Lair:6   | Found a staircase to the Slime Pits.
 21238 | Lair:6   | Found a viscous altar of Jiyva.
 21731 | Orc:1    | Entered Level 1 of the Orcish Mines
 21947 | Orc:1    | Noticed Sonja
 21963 | Orc:1    | Killed Sonja
 22129 | Orc:1    | Noticed Maurice
 22137 | Orc:1    | Killed Maurice
 22233 | Orc:1    | Found a bloodstained altar of Trog.
 22320 | Orc:2    | Entered Level 2 of the Orcish Mines
 22366 | Orc:2    | Reached skill level 22 in Fighting
 22558 | Orc:2    | Reached XP level 15. HP: 157/160 MP: 14/14
 22781 | Orc:2    | Received a gift from Trog
 22831 | Orc:2    | Found Tikohav's Magic Scroll Emporium.
 22870 | Orc:2    | Bought a scroll of identify for 30 gold pieces
 22870 | Orc:2    | Bought a scroll of identify for 30 gold pieces
 22870 | Orc:2    | Bought a scroll of identify for 30 gold pieces
 22886 | Orc:2    | Found Zuzaloq's Antique Weapon Shoppe.
 23179 | Orc:2    | Found a staircase to the Elven Halls.
 23505 | Orc:2    | Found Byethra's Antique Armour Shoppe.
 23507 | Orc:2    | Noticed an orc warlord
 23546 | Orc:2    | HP: 2/162 [orc warrior[an orc warlord] (21)]
 23550 | Orc:2    | Killed an orc warlord
 23696 | Orc:2    | Bought a runed plate armour for 728 gold pieces
 23744 | Orc:2    | Found Zygoes's Antique Armour Emporium.
 23880 | Orc:2    | Noticed an orc warlord
 23887 | Orc:2    | Killed an orc warlord
 24404 | Elf:1    | Entered Level 1 of the Elven Halls
 24538 | D:12     | Found a frozen archway.
 24545 | IceCv    | Entered an ice cave
 24633 | IceCv    | Reached skill level 23 in Fighting
 24890 | IceCv    | Noticed a frost giant
 24904 | IceCv    | Killed a frost giant
 25212 | D:12     | Found Ytrotas's Weapon Emporium.
 25330 | D:12     | Received a gift from Trog
 25647 | D:12     | Found a runed translucent gate.
 25647 | D:12     | Found a runed translucent gate.
 25647 | D:12     | Found a runed translucent gate.
 25713 | D:12     | Found a portal to a secret trove of treasure.
 25762 | D:12     | Noticed ThrustWizard's ghost (journeyman DsFi)
 25762 | D:12     | Noticed Melian's ghost (journeyman MiBe)
 26074 | Slime:1  | Entered Level 1 of the Pits of Slime
 26074 | Slime:1  | Noticed an acid blob
 26143 | Lair:6   | Killed an acid blob
 26144 | Lair:6   | Reached XP level 16. HP: 54/174 MP: 15/15
 26270 | Slime:1  | Splashed with acid

Illustrated notes

Levels and vault maps discovered:
D:1:      lightli_arrival_windingriver, layout_basic
D:2:      minmay_inner_zag, layout_basic, dilly_ecumenical_altar_fadedgnrine,
          wad_floor_pattern_untrapped
D:3:      layout_basic, grunt_ministairs_10
D:4:      layout_loops_ring, nicolae_tso_carved_into_rock,
          minmay_temple_entry_grid, uniq_duvessa
D:5:      layout_rooms
D:6:      layout_basic, nicolae_overflow_squiral, minmay_misc_feat_tiny,
          uniq_sigmund
D:7:      layout_gridville, gammafunk_ghost_necromancy, minmay_misc_feat_doors,
          uniq_harold, uniq_menkaure
D:8:      layout_cave_pods, nicolae_vehumet_altar_sigil, erik_lair_island,
          special_room [special_room_kobold], minmay_misc_feat_more_columns
D:9:      layout_roguey
D:10:     kennysheep_six_static_rooms, layout_basic,
          mainiacjoe_overflow_alcove_1, gammafunk_ghost_hydra_chop
D:11:     layout_basic, erik_orc_2, special_room [special_room_orc],
          uniq_nergalle
D:12:     argonaut_augean_stables, layout_cave_pools, enter_trove_3,
          gammafunk_ghost_cemetery, portal_ice_cave_entry_pillars_2,
          serial_shops, nicolae_shop_bloodbath_and_beyond
Lair:1:   layout_gridlike, infiniplex_staircase_pool, serial_bayou_shore_a
Lair:2:   layout_cave_shapes, minmay_shoals_entry_hut,
          grunt_forest_large_clearing_hut
Lair:3:   layout_hall_layers, nicolae_volcano_entry_batcave,
          kennysheep_abandoned_house
Lair:4:   layout_roguey, spider_nest_entry_a
Lair:5:   layout_layer_cave, grunt_megastairs_2
Lair:6:   evilmike_catoblepas_cave, layout_cave_shapes, slime_altar_1
Slime:1:  layout_caves, cheibrodos_slime_lost_civilization_4
Orc:1:    layout_caves, trog_butcher_becter, uniq_maurice, uniq_sonja
Orc:2:    pubby_orc_utopia
Elf:1:    nicolae_elf_arrival_no_cutting_in_line, layout_loops_cross,
          minmay_elf_demonology

Skill      XL: |  1  2  3  4  5  6  7  8  9 10 11 12 13 14 15 |
---------------+----------------------------------------------+-----
Fighting       | 4 5 6 7 8 10 12 14 16 17 19 22 23 | 23.9
Axes           | 4 5 6 7 8 10 12 14 15 17 18 20 | 20.0
Armour         | 3 6 10 13 | 13.0
Dodging        | 3 |  3.1
Shields        | 6 |  6.0

Action                   |  1- 3 |  4- 6 |  7- 9 | 10-12 | 13-15 | 16-18 || total
-------------------------+-------+-------+-------+-------+-------+-------++-------
Melee: Hand axe          |    75 |    62 |       |       |       |       ||   137
       Headbutt          |     7 |    16 |    45 |    85 |   179 |     4 ||   336
       War axe           |       |    94 |   119 |    54 |   726 |    12 ||  1005
       Flail             |       |       |    77 |    43 |       |       ||   120
       Broad axe         |       |       |       |   378 |   140 |       ||   518
       Punch             |       |       |       |       |    13 |       ||    13
Invok: Berserk           |       |     3 |     2 |     6 |     8 |       ||    19
       Brothers in Arms  |       |       |     1 |     4 |     2 |       ||     7
       Trog's Hand       |       |       |       |       |     1 |       ||     1
Evoke: Wand              |       |       |     1 |    15 |    17 |     3 ||    36
  Use: Scroll            |     2 |       |    12 |     3 |    17 |     1 ||    35
       Potion            |       |       |     3 |     5 |     8 |       ||    16
 Stab: Distracted        |       |       |     1 |       |       |       ||     1
Armor: Animal skin       |     9 |       |       |       |       |       ||     9
       Plate armour      |    29 |    94 |    95 |   241 |   440 |     4 ||   903
Dodge: Dodged            |    27 |    16 |    20 |    58 |   308 |     7 ||   436
Block: Tower shield      |    52 |   113 |   148 |   358 |    95 |       ||   766

Table legend: (Time is in decaauts)
 A = Elapsed time spent in this place.
 B = Non-inter-level travel time spent in this place.
 C = Inter-level travel time spent in this place.
 D = Time resting spent in this place.
 E = Time spent auto-exploring this place.
 F = Levels seen in this place.
 G = Mean time per level.
                   A        B        C        D        E       F      G
               +--------+--------+--------+--------+--------+-----+--------+
         Total |  26584 |  25400 |   1184 |      0 |  19250 |  24 | 1107.7 |
       Dungeon |  14751 |  14159 |    592 |      0 |  10877 |  12 | 1229.2 |
          Lair |   8241 |   7805 |    436 |      0 |   6096 |   6 | 1373.5 |
    Slime Pits |     29 |     29 |      0 |      0 |      3 |   1 |   29.0 |
  Orcish Mines |   2632 |   2476 |    156 |      0 |   1754 |   2 | 1316.0 |
   Elven Halls |      1 |      1 |      0 |      0 |      0 |   1 |    1.0 |
      Ice Cave |    541 |    541 |      0 |      0 |    274 |   1 |  541.0 |
       Volcano |    385 |    385 |      0 |      0 |    246 |   1 |  385.0 |
               +--------+--------+--------+--------+--------+-----+--------+

Top non-repeatable levels by time:
   Orc:2: 2080 daAuts
     D:8: 1908 daAuts
  Lair:5: 1836 daAuts
    D:11: 1811 daAuts
  Lair:2: 1729 daAuts
  Lair:1: 1684 daAuts
    D:10: 1475 daAuts
     D:3: 1281 daAuts
  Lair:6: 1255 daAuts
     D:4: 1212 daAuts
     D:1: 1211 daAuts
     D:9: 1210 daAuts
     D:6: 1053 daAuts
  Lair:4: 959 daAuts
     D:5: 946 daAuts
